Map: Dédale EC

Players

zuka - Winner!

  • Race: Protoss Protoss
  • League: Master
  • Spawn Location: 1:00

Sweetzy

  • Race: Zerg Zerg
  • League: Master
  • Spawn Location: 7:00

VOD

Have the link to the VOD?

Description

Time

  • Played on: July 3, 2018, 4:11 p.m.
  • Length: 14:26
Show
View Real Time Build Order
Export as new Build Order

zuka Protoss - Winner!

Build Orders:  

Get SALT Encoding   

  12  0:02  Probe  
  13  0:14  Probe  
  13  0:18  Pylon  
  14  0:22  Probe  
  15  0:32  Probe  
  15  0:41  Gateway  
  16  0:43  Probe  
  16  0:49  Assimilator  
  17  0:55  Probe  
  18  1:07  Probe  
  19  1:11  Gateway  
  19  1:20  Zealot, Probe  
  20  1:28  Cybernetics Core  
  21  1:36  Pylon  
  21  1:46  Zealot  
  23  2:05  Adept  
  25  2:08  Gateway  
  25  2:13  Adept  
  27  2:23  Warp Gate  
  27  2:30  Shield Battery  
  27  2:40  Nexus  
  27  2:46  Probe  
  27  2:48  Sentry  
  30  2:53  Assimilator  
  30  2:58  Probe  
  31  3:09  Pylon  
  31  3:14  Shield Battery  
  31  3:18  Adept x2  
  31  3:34  Probe  
  36  3:42  Pylon  
  36  3:46  Probe  
  37  3:51  Stargate  
  37  3:58  Probe  
  37  3:59  Probe  
  39  4:08  Probe  
  39  4:10  Probe  
  39  4:16  Probe  
  41  4:17  Assimilator  
  41  4:19  Pylon  
  41  4:20  Probe  
  43  4:25  Probe  
  43  4:28  Probe  
  44  4:36  Probe  
  44  4:37  Oracle  
  44  4:38  Probe  
  50  4:48  Pylon, Probe  
  50  4:50  Probe  
  52  5:02  Probe  
  52  5:03  Probe  
  54  5:12  Assimilator  
  54  5:13  Void Ray  
  54  5:14  Zealot, Probe  
  61  5:15  Probe  
  62  5:27  Nexus  
  62  5:29  Probe x2  
  64  5:41  Probe x2  
  66  5:53  Probe x2  
  65  5:57  Pylon  
  65  6:05  Probe x2, Fleet Beacon  
  65  6:07  Void Ray  
  71  6:17  Probe  
  72  6:18  Stargate  
  72  6:19  Probe  
  72  6:21  Stargate  
  73  6:25  Zealot  
  73  6:29  Probe  
  73  6:31  Adept, Probe  
  77  6:34  Pylon  
  74  6:41  Probe  
  69  6:52  Adept x2  
  70  6:54  Probe  
  70  6:55  Probe  
  73  7:04  Carrier  
  73  7:05  Carrier  
  73  7:06  Probe  
  73  7:07  Probe  
  86  7:08  Carrier  
  86  7:13  Probe  
  87  7:19  Probe  
  88  7:25  Probe x2  
  96  7:31  Probe  
  97  7:37  Probe x2  
  97  7:39  Pylon  
  97  7:43  Probe  
  100  7:47  Graviton Catapult  
  100  7:49  Probe  
  100  7:50  Pylon, Probe  
  102  7:53  Assimilator  
  102  7:55  Probe  
  102  7:57  Assimilator  
  103  8:01  Probe  
  104  8:06  Probe  
  105  8:13  Carrier x2  
  105  8:16  Probe  
  105  8:17  Probe  
  107  8:21  Shield Battery x2  
  107  8:27  Carrier  
  119  8:39  Protoss Air Weapons Level 1  
  125  8:45  Pylon  
  125  8:46  Pylon  
  125  8:49  Forge  
  125  8:59  Pylon  
  125  9:00  Pylon, Mothership  
  125  9:05  Pylon  
  125  9:09  Pylon  
  125  9:12  Zealot, Gateway  
  125  9:15  Gateway  
  135  9:25  Photon Cannon x2  
  135  9:28  Photon Cannon  
  135  9:30  Photon Cannon  
  135  9:32  Carrier  
  135  9:39  Carrier  
  135  9:41  Stargate  
  141  9:50  Void Ray  
  151  10:10  Nexus  
  151  10:12  Pylon  
  151  10:22  Photon Cannon, Protoss Air Weapons Level 2  
  151  10:27  Protoss Shields Level 1  
  151  10:32  Robotics Facility  
  151  10:33  Carrier  
  151  10:35  Stargate  
  157  10:52  Assimilator  
  157  10:56  Void Ray  
  161  10:58  Assimilator  
  161  11:03  Pylon  
  161  11:05  Void Ray  
  165  11:19  Observer  
  166  11:28  Void Ray  
  166  11:29  Cybernetics Core  
  166  11:30  Pylon  
  170  11:33  Twilight Council  
  170  11:37  Pylon  
  170  11:39  Void Ray  
  174  11:41  Pylon  
  174  11:50  Void Ray  
  174  11:52  Pylon  
  178  11:55  Cybernetics Core  
  178  12:03  Protoss Air Armor Level 1  
  178  12:15  Templar Archives  
  178  12:20  Gateway  
  178  12:42  Carrier, Psionic Storm  
  178  12:43  Carrier x2  
  198  13:17  High Templar  
  196  13:20  High Templar x2  
Show
View Real Time Build Order
Export as new Build Order

Sweetzy Zerg 

Build Orders: Pool First 

Get SALT Encoding   

  12  0:17  Spawning Pool  
  11  0:21  Drone  
  11  0:26  Drone  
  13  0:30  Drone  
  14  0:39  Overlord  
  14  1:04  Zergling x4  
  14  1:05  Zergling x2, Queen  
  19  1:16  Zergling x2  
  20  1:33  Hatchery, Zergling x2  
  20  1:38  Zergling x2  
  21  1:48  Zergling x2  
  22  1:59  Overlord  
  21  2:18  Zergling x4  
  21  2:19  Zergling x2  
  21  2:22  Zergling x2  
  25  2:37  Queen  
  25  2:42  Drone x2  
  29  2:45  Extractor  
  29  2:48  Queen  
  29  2:49  Drone x2  
  32  2:58  Drone x3  
  33  3:00  Drone  
  35  3:29  Overlord  
  35  3:40  Overlord  
  35  3:48  Drone x5  
  40  3:50  Drone x2  
  40  3:51  Drone  
  43  4:01  Hatchery  
  38  4:10  Drone x4  
  38  4:13  Metabolic Boost  
  41  4:20  Baneling Nest  
  41  4:21  Drone  
  41  4:23  Drone  
  41  4:28  Zergling x4  
  41  4:29  Zergling x2  
  41  4:31  Zergling x2  
  45  4:35  Zergling x4  
  47  4:40  Zergling x4  
  49  4:51  Zergling x6  
  52  4:54  Overlord  
  50  5:00  Queen  
  52  5:12  Queen  
  52  5:13  Zergling x2  
  55  5:17  Drone x2  
  55  5:18  Evolution Chamber x2, Drone x2  
  55  5:19  Drone  
  55  5:20  Extractor  
  57  5:21  Queen  
  59  5:30  Zergling x2  
  59  5:31  Drone x4  
  64  5:38  Spore Crawler, Drone  
  64  5:40  Spore Crawler  
  61  5:45  Drone x2  
  61  5:48  Spore Crawler  
  59  5:53  Drone x2  
  62  5:59  Drone x3  
  62  6:02  Zerg Ground Armor Level 1, Zerg Missile Weapons Level 1  
  65  6:07  Overlord x2  
  65  6:11  Overlord  
  65  6:13  Overlord  
  65  6:20  Overlord x2  
  60  6:41  Drone x3  
  60  6:42  Drone x7  
  60  6:45  Lair  
  60  6:46  Zergling x6  
  65  7:05  Zergling x6  
  67  7:10  Drone x3  
  67  7:12  Extractor x2  
  68  7:17  Spore Crawler  
  68  7:18  Spore Crawler x2  
  68  7:19  Spore Crawler  
  64  7:44  Hydralisk Den  
  64  7:46  Drone x3, Extractor  
  64  7:47  Drone x4  
  64  7:50  Drone x2  
  71  7:51  Hatchery, Drone  
  71  7:52  Drone x3  
  71  7:53  Drone x4  
  78  8:23  Grooved Spines, Hydralisk x9  
  78  8:24  Hydralisk  
  98  8:30  Extractor  
  98  8:31  Overlord x3  
  98  8:32  Zergling x2  
  98  8:35  Overlord  
  98  8:37  Overlord x2  
  98  8:40  Overseer  
  98  8:50  Drone x3  
  98  8:51  Hydralisk x3  
  107  8:57  Hatchery  
  106  9:06  Zergling x2, Hydralisk x4  
  106  9:07  Zergling x8  
  119  9:17  Hydralisk x3  
  125  9:27  Hydralisk x5  
  125  9:29  Zergling x2  
  136  9:34  Muscular Augments  
  136  9:37  Drone  
  137  9:38  Drone  
  137  9:39  Drone x6  
  137  9:40  Drone  
  145  9:52  Overlord x3  
  145  9:59  Zerg Ground Armor Level 2, Zerg Missile Weapons Level 2  
  145  10:07  Extractor  
  145  10:08  Hydralisk x5  
  145  10:12  Extractor, Hydralisk  
  145  10:13  Hydralisk  
  157  10:16  Hydralisk  
  153  10:24  Hydralisk x3  
  159  10:29  Queen  
  161  10:45  Hydralisk  
  161  10:46  Hydralisk x5  
  173  10:51  Spire  
  173  10:54  Overseer  
  172  10:57  Drone x3  
  172  10:59  Drone x3  
  178  11:05  Hatchery  
  177  11:13  Hydralisk x2  
  177  11:15  Overlord x3  
  181  11:19  Overlord x2  
  181  11:35  Hydralisk  
  181  11:36  Hydralisk x8  
  199  11:43  Centrifical Hooks  
  199  11:48  Overseer x4  
  199  11:49  Pneumatized Carapace  
  199  12:12  Infestation Pit, Zerg Flyer Weapons Level 1  
  198  12:16  Hatchery  
  186  12:26  Overlord  
  186  12:27  Overlord x2  
  186  12:28  Overseer x2  
  186  12:32  Hydralisk  
  186  12:33  Hydralisk x6  
  159  12:44  Hydralisk x5  
  159  12:45  Hydralisk x7  
  148  13:15  Corruptor x7  
  148  13:18  Zergling x14  
  169  13:21  Hydralisk  
  169  13:22  Overseer  
  169  13:26  Hydralisk x2  
  173  13:32  Overseer  
  173  13:35  Hydralisk x2  
  173  13:37  Corruptor  
  179  13:45  Drone x2  
  179  13:46  Drone  
  183  13:48  Drone, Extractor  
  183  13:49  Extractor  
  183  14:07  Overseer  
  183  14:08  Overseer x2  
Tags
 
Matchup
PvZ
Opening
Pool First
Spawn Locations
Cross Positions
Add a new tag
Caveats
  • Supply blocks, unpowered buildings, or Contaminate may cause inaccurate times.
  • Supply counts are checked every 10 seconds.